PCL
CALGARY COWBOYS @ LAS VEGAS STARS
06/20/2029
 
TOP OF THE 1ST
Calgary Cowboys batting - Pitching for Las Vegas Stars : RHP Carlos Morán
Pitching: RHP Carlos Morán
Batting: RHB Travis Colbert 0-0: Ball
1-0: Ball
2-0: Fly out, F8 (Flyball, 8LD)
Batting: LHB Del Kennedy 0-0: Called Strike
0-1: Swinging Strike
0-2: Strikes out looking
Batting: RHB Tom Rowe 0-0: Ball
1-0: Fly out, F9 (Flyball, 9)
Top of the 1st over - 0 runs, 0 hits, 0 errors, 0 left on base; Calgary 0 - Las Vegas 0
BOTTOM OF THE 1ST
Las Vegas Stars batting - Pitching for Calgary Cowboys : RHP Ron Chapman
Pitching: RHP Ron Chapman
Batting: RHB León Rivera 0-0: Ball
1-0: Ball
2-0: Ball
3-0: Called Strike
3-1: Foul Ball, location: 2F
3-2: Foul Ball, location: 2F
3-2: Fly out, F7 (Line Drive, 7S)
Batting: RHB Gilberto Silva 0-0: Ball
1-0: Ball
2-0: Called Strike
2-1: Ball
3-1: Called Strike
3-2: Foul Ball, location: 2F
3-2: Foul Ball, location: 2F
3-2: SINGLE (Flyball, 7S)
Batting: RHB José García 0-0: Ball
1-0: Swinging Strike
1-1: Ball
2-1: SINGLE (Flyball, 89S)
Gilberto Silva to second
Runner from 2nd tries for 3rd, SAFE, no throw
Batting: RHB Zhong Shui 0-0: Called Strike
José García steals 2nd base
0-1: Ball
1-1: Ball
2-1: Ground out 6-3 (Groundball, 6)
Gilberto Silva scores
José García to third
Batting: LHB Clint Parkinson 0-0: Ball
1-0: Ball
2-0: Foul Ball, location: 2F
2-1: SINGLE (Line Drive, 6MD)
José García scores
Batting: RHB Brandon Pope 0-0: Fielders Choice at 2nd, 6-4 (Groundball, 6)
Bottom of the 1st over - 2 runs, 3 hits, 0 errors, 1 left on base; Calgary 0 - Las Vegas 2
TOP OF THE 2ND
Calgary Cowboys batting - Pitching for Las Vegas Stars : RHP Carlos Morán
Batting: LHB Fred Abrams 0-0: Foul Ball, location: 2F
0-1: Called Strike
0-2: Ball
1-2: Strikes out swinging
Batting: RHB Paul Swift 0-0: Ball
1-0: Called Strike
1-1: Foul Ball, location: 2F
1-2: Foul Ball, location: 2F
1-2: Ball
2-2: Foul Ball, location: 2F
2-2: Fly out, F8 (Flyball, 8RM)
Batting: LHB Miguel Pérez 0-0: Ball
1-0: Ground out 5-3 (Groundball, 56)
Top of the 2nd over - 0 runs, 0 hits, 0 errors, 0 left on base; Calgary 0 - Las Vegas 2
BOTTOM OF THE 2ND
Las Vegas Stars batting - Pitching for Calgary Cowboys : RHP Ron Chapman
Batting: SHB Richard Griffin 0-0: SINGLE (Groundball, 3D)
Batting: RHB Francisco Rincón 0-0: Ball
1-0: Ball
2-0: Ball
3-0: Called Strike
3-1: Base on Balls
Richard Griffin to second
Batting: RHB Fernando Bórquez 0-0: Called Strike
0-1: Swinging Strike
0-2: Ball
1-2: DOUBLE (Flyball, 8LXD)
Richard Griffin scores
Francisco Rincón to third
Batting: RHB León Rivera 0-0: Ball
1-0: Ball
2-0: Foul Ball, location: 2F
2-1: Foul Ball, location: 2F
2-2: Ground out 1-3 (Groundball, 13S)
Batting: RHB Gilberto Silva 0-0: Ball
1-0: Swinging Strike
1-1: Ball
2-1: SINGLE (Groundball, 6MD)
Francisco Rincón scores
Fernando Bórquez to third
Runner from 3rd tries for Home, SAFE, throw made home
Batting: RHB José García 0-0: Called Strike
0-1: Ball
1-1: SINGLE (Line Drive, 6D)
Gilberto Silva to second
Batting: RHB Zhong Shui 0-0: Ground out 5-3 (Groundball, 56S)
Gilberto Silva to third
José García to second
Batting: LHB Clint Parkinson 0-0: Ball
1-0: Called Strike
1-1: Called Strike
1-2: Fly out, F7 (Line Drive, 7LD)
Bottom of the 2nd over - 3 runs, 4 hits, 0 errors, 2 left on base; Calgary 0 - Las Vegas 5
TOP OF THE 3RD
Calgary Cowboys batting - Pitching for Las Vegas Stars : RHP Carlos Morán
Batting: LHB Freddy Herrera 0-0: Swinging Strike
0-1: Ball
1-1: Foul Ball, location: 2F
1-2: Foul Ball, location: 2F
1-2: Ball
2-2: Foul Ball, location: 2F
2-2: Strikes out swinging
Batting: RHB Jorge Balencia 0-0: Ball
1-0: Swinging Strike
1-1: Foul Ball, location: 2F
1-2: DOUBLE (Line Drive, 89D)
Batting: RHB Mario Sánchez 0-0: Called Strike
0-1: Ball
1-1: Ground out 6-3 (Groundball, 56)
Batting: RHB Travis Colbert 0-0: Ball
1-0: Fly out, F9 (Flyball, 9LSF)
Top of the 3rd over - 0 runs, 1 hit, 0 errors, 1 left on base; Calgary 0 - Las Vegas 5
BOTTOM OF THE 3RD
Las Vegas Stars batting - Pitching for Calgary Cowboys : RHP Ron Chapman
Batting: RHB Brandon Pope 0-0: Called Strike
0-1: Called Strike
0-2: Ground out 6-3 (Groundball, 56)
Batting: SHB Richard Griffin 0-0: Ball
1-0: Ball
2-0: Ground out 5-3 (Groundball, 56)
Batting: RHB Francisco Rincón 0-0: Swinging Strike
0-1: SINGLE (Flyball, 9LS)
Batting: RHB Fernando Bórquez 0-0: Foul Ball, location: 2F
0-1: Called Strike
0-2: Foul Ball, location: 2F
0-2: DOUBLE (Line Drive, 78D)
Francisco Rincón to third
Runner from 3rd tries for Home, SAFE, no throw
Batting: RHB León Rivera 0-0: Ground out 6-3 (Groundball, 6)
Bottom of the 3rd over - 1 run, 2 hits, 0 errors, 1 left on base; Calgary 0 - Las Vegas 6
TOP OF THE 4TH
Calgary Cowboys batting - Pitching for Las Vegas Stars : RHP Carlos Morán
Batting: LHB Del Kennedy 0-0: Ball
1-0: TRIPLE (Flyball, 8RXD)
Batting: RHB Tom Rowe 0-0: Fly out, F7 (Flyball, 7S)
Batting: LHB Fred Abrams 0-0: Swinging Strike
0-1: Ball
1-1: SINGLE (Groundball, 34S) (infield hit)
Del Kennedy scores
Batting: RHB Paul Swift 0-0: Ball
1-0: Ball
2-0: Swinging Strike
2-1: Foul Ball, location: 2F
2-2: Foul Ball, location: 2F
2-2: Ball
3-2: SINGLE (Groundball, 34D)
Fred Abrams to second
Fred Abrams to third
Batting: LHB Miguel Pérez 0-0: Ball
1-0: Ball
2-0: Called Strike
2-1: Foul Ball, location: 2F
2-2: SINGLE (Flyball, 9LS)
Fred Abrams scores
Paul Swift to second
Runner from 2nd tries for 3rd, SAFE, throw made to third
Batting: LHB Freddy Herrera 0-0: Ball
1-0: Ball
2-0: Called Strike
2-1: Foul Ball, location: 2F
2-2: Ball
3-2: SINGLE (Groundball, 34D)
Paul Swift scores
Miguel Pérez to second
Runner from 2nd tries for 3rd, SAFE, throw made to third
Batting: RHB Jorge Balencia 0-0: Foul Ball, location: 2F
0-1: Ball
1-1: Swinging Strike
1-2: Foul Ball, location: 2F
1-2: Ball
2-2: Foul Ball, location: 2F
2-2: Strikes out swinging
Batting: RHB Mario Sánchez 0-0: Fly out, F8 (Flyball, 8RS)
Top of the 4th over - 3 runs, 5 hits, 0 errors, 2 left on base; Calgary 3 - Las Vegas 6
BOTTOM OF THE 4TH
Las Vegas Stars batting - Pitching for Calgary Cowboys : RHP Ron Chapman
Batting: RHB Gilberto Silva 0-0: Ball
1-0: Swinging Strike
1-1: Foul Ball, location: 2F
1-2: Strikes out swinging
Batting: RHB José García 0-0: Called Strike
0-1: Called Strike
0-2: Ball
1-2: Ball
2-2: Foul Ball, location: 2F
2-2: Fly out, F8 (Flyball, 8RM)
Batting: RHB Zhong Shui 0-0: Called Strike
0-1: Ground out 6-3 (Groundball, 6)
Bottom of the 4th over - 0 runs, 0 hits, 0 errors, 0 left on base; Calgary 3 - Las Vegas 6
TOP OF THE 5TH
Calgary Cowboys batting - Pitching for Las Vegas Stars : RHP Carlos Morán
Batting: RHB Travis Colbert 0-0: SINGLE (Line Drive, 7LM)
Batting: LHB Del Kennedy 0-0: Ball
1-0: Grounds into double play, 6-4-3 (Groundball, 6)
Batting: RHB Tom Rowe 0-0: Swinging Strike
0-1: SINGLE (Groundball, 34D)
Batting: LHB Fred Abrams 0-0: Called Strike
Tom Rowe steals 2nd base
0-1: Swinging Strike
0-2: Ball
1-2: Foul Ball, location: 2F
1-2: Foul Ball, location: 2F
1-2: Fly out, F9 (Flyball, 89D)
Top of the 5th over - 0 runs, 2 hits, 0 errors, 1 left on base; Calgary 3 - Las Vegas 6
BOTTOM OF THE 5TH
Las Vegas Stars batting - Pitching for Calgary Cowboys : RHP Ron Chapman
Pitching: RHP Daniel Casey
Batting: LHB Clint Parkinson 0-0: Ball
1-0: Ground out 5-3 (Groundball, 5L)
Batting: RHB Brandon Pope 0-0: Called Strike
0-1: SOLO HOME RUN (Flyball, 9D), Distance : 399 ft
Batting: SHB Richard Griffin 0-0: Swinging Strike
0-1: Ball
1-1: Ball
2-1: Swinging Strike
2-2: Ball
3-2: Strikes out swinging
Batting: RHB Francisco Rincón 0-0: Called Strike
0-1: Swinging Strike
0-2: Ball
1-2: Strikes out looking
Bottom of the 5th over - 1 run, 1 hit, 0 errors, 0 left on base; Calgary 3 - Las Vegas 7
TOP OF THE 6TH
Calgary Cowboys batting - Pitching for Las Vegas Stars : RHP Carlos Morán
Batting: RHB Paul Swift 0-0: Ball
1-0: Ground out 4-3 (Groundball, 4M)
Batting: LHB Miguel Pérez 0-0: Fly out, F5 (Popup, 5S)
Batting: LHB Freddy Herrera 0-0: Called Strike
0-1: Ball
1-1: Called Strike
1-2: Ball
2-2: Strikes out swinging
Top of the 6th over - 0 runs, 0 hits, 0 errors, 0 left on base; Calgary 3 - Las Vegas 7
BOTTOM OF THE 6TH
Las Vegas Stars batting - Pitching for Calgary Cowboys : RHP Daniel Casey
Batting: RHB Fernando Bórquez 0-0: Called Strike
0-1: Reached on error, E6 (Groundball, 6)
Batting: RHB León Rivera 0-0: Called Strike
0-1: Ball
1-1: SINGLE (Groundball, 56D)
Fernando Bórquez to third
Batting: RHB Gilberto Silva 0-0: Called Strike
0-1: Grounds into double play, 6-4-3 (Groundball, 6)
Fernando Bórquez scores
Batting: RHB José García 0-0: Called Strike
0-1: Ball
1-1: Called Strike
1-2: Foul Ball, location: 2F
1-2: Ball
2-2: Ball
3-2: Base on Balls
Batting: RHB Zhong Shui 0-0: Called Strike
0-1: Ball
1-1: Ball
2-1: Ball
3-1: SINGLE (Line Drive, 9S)
José García to second
Batting: LHB Clint Parkinson 0-0: Swinging Strike
0-1: Swinging Strike
0-2: Ball
1-2: Ball
2-2: Foul Ball, location: 2F
2-2: Foul Ball, location: 2F
2-2: Ball
3-2: 3-RUN HOME RUN (Line Drive, 89XD), Distance : 422 ft
Batting: RHB Brandon Pope 0-0: Ground out 6-3 (Groundball, 6)
Bottom of the 6th over - 4 runs, 3 hits, 1 error, 0 left on base; Calgary 3 - Las Vegas 11
TOP OF THE 7TH
Calgary Cowboys batting - Pitching for Las Vegas Stars : RHP Carlos Morán
Batting: RHB Jorge Balencia 0-0: Ball
1-0: Called Strike
1-1: Reached on error, E5 (Groundball, 56S)
Batting: RHB Mario Sánchez 0-0: Ball
1-0: Ball
Wild Pitch!
Jorge Balencia to second
2-0: Swinging Strike
2-1: Fly out, F5 (Flyball, 5D)
Batting: RHB Travis Colbert 0-0: Ball
1-0: Swinging Strike
1-1: Fly out, F8 (Line Drive, 8LM)
Batting: LHB Del Kennedy 0-0: Ball
1-0: Ball
2-0: Called Strike
2-1: Foul Ball, location: 2F
2-2: Ball
3-2: Strikes out looking
Top of the 7th over - 0 runs, 0 hits, 1 error, 1 left on base; Calgary 3 - Las Vegas 11
BOTTOM OF THE 7TH
Las Vegas Stars batting - Pitching for Calgary Cowboys : RHP Daniel Casey
Batting: SHB Richard Griffin 0-0: Ball
1-0: Foul Ball, location: 2F
1-1: Swinging Strike
1-2: Fly out, F9 (Flyball, 89S)
Batting: RHB Francisco Rincón 0-0: Ball
1-0: Called Strike
1-1: Ground out 6-3 (Groundball, 6MD)
Batting: RHB Fernando Bórquez 0-0: SINGLE (Groundball, 6D)
Batting: RHB León Rivera 0-0: Called Strike
0-1: Ball
1-1: SINGLE (Line Drive, 3L)
Fernando Bórquez to second
Batting: RHB Gilberto Silva 0-0: Ball
1-0: Ball
2-0: Foul Ball, location: 2F
2-1: Ball
3-1: Foul Ball, location: 2F
3-2: Base on Balls
Fernando Bórquez to third
León Rivera to second
Batting: RHB José García 0-0: Fielders Choice at 2nd, 5-4 (Groundball, 5L)
Bottom of the 7th over - 0 runs, 2 hits, 0 errors, 3 left on base; Calgary 3 - Las Vegas 11
TOP OF THE 8TH
Calgary Cowboys batting - Pitching for Las Vegas Stars : RHP Carlos Morán
Batting: RHB Tom Rowe 0-0: Ball
1-0: Called Strike
1-1: Ball
2-1: Called Strike
2-2: Ball
3-2: Fly out, F5 (Line Drive, 5)
Pitching: LHP Júlio Aguilar
Batting: LHB Fred Abrams 0-0: Swinging Strike
0-1: Ball
1-1: Foul Ball, location: 2F
1-2: Ball
2-2: Foul Ball, location: 2F
2-2: Fly out, F8 (Flyball, 8RM)
Batting: RHB Paul Swift 0-0: Called Strike
0-1: Swinging Strike
0-2: Fly out, F6 (Line Drive, 6)
Top of the 8th over - 0 runs, 0 hits, 0 errors, 0 left on base; Calgary 3 - Las Vegas 11
BOTTOM OF THE 8TH
Las Vegas Stars batting - Pitching for Calgary Cowboys : RHP Daniel Casey
Batting: RHB Zhong Shui 0-0: Ball
1-0: Ball
2-0: Called Strike
2-1: Swinging Strike
2-2: Ball
3-2: Base on Balls
Batting: LHB Clint Parkinson 0-0: Called Strike
0-1: Foul Ball, location: 2F
0-2: Grounds into double play, 6-4-3 (Groundball, 6M)
Batting: RHB Brandon Pope 0-0: SINGLE (Line Drive, 9LM)
Batting: SHB Richard Griffin 0-0: Called Strike
0-1: Foul Ball, location: 2F
0-2: Foul Ball, location: 2F
0-2: Foul Ball, location: 2F
0-2: Foul Ball, location: 2F
0-2: Ball
1-2: 2-RUN HOME RUN (Flyball, 9D), Distance : 390 ft
Batting: RHB Francisco Rincón 0-0: Ball
1-0: Ground out 1-3 (Groundball, 15S)
Bottom of the 8th over - 2 runs, 2 hits, 0 errors, 0 left on base; Calgary 3 - Las Vegas 13
TOP OF THE 9TH
Calgary Cowboys batting - Pitching for Las Vegas Stars : LHP Júlio Aguilar
Batting: LHB Miguel Pérez 0-0: Ball
1-0: Ball
2-0: Ball
3-0: Called Strike
3-1: Foul Ball, location: 2F
3-2: Strikes out looking
Batting: LHB Freddy Herrera 0-0: Called Strike
0-1: Ball
1-1: Ball
2-1: SINGLE (Flyball, 7LM)
Batting: RHB Jorge Balencia 0-0: Called Strike
0-1: Ball
1-1: Fly out, F7 (Flyball, 78M)
Batting: RHB Mario Sánchez 0-0: Called Strike
0-1: Swinging Strike
0-2: Strikes out looking
Top of the 9th over - 0 runs, 1 hit, 0 errors, 1 left on base; Calgary 3 - Las Vegas 13
Saturday, December 16th, 2017 - OOTP Baseball 18.8 Build 76